 Dungeon Crawl Stone Soup version 0.27-a0-1529-g1e82c303ef (webtiles) character file.

Game seed: 13273118425470045668

1891 tsouns the Cutter (level 9, -10/55 HPs)
             Began as a Kobold Enchanter on July 13, 2021.
             Was a Follower of Ashenzari.
             Mangled by Menkaure (18 damage)
             ... on level 7 of the Dungeon.
             The game lasted 00:19:17 (9327 turns).

tsouns the Cutter (Kobold Enchanter)                Turns: 9327, Time: 00:19:17

Health: -10/55     AC:  3    Str:  5    XL:     9   Next: 37%
Magic:  8/16       EV: 14    Int: 25    God:    Ashenzari [*.....]
Gold:   566        SH:  6    Dex: 16    Spells: 6/17 levels left

rFire    + . .     SeeInvis .   x - +1 rapier (venom)
rCold    . . .     Faith    .   k - +0 buckler of the Eternal Black Moon {Melee, Bglg} (curse)
rNeg     . . .     Spirit   .   b - +0 robe
rPois    .         Reflect  .   (no helmet)
rElec    .         Harm     .   (no cloak)
rCorr    +         Rampage  .   v - +0 pair of gloves "Share My Servitude" {rF+ rCorr, Self, Evo} (curse)
Will     .....                  (no boots)
Stlth    ++++......             (no amulet)
HPRegen  0.18/turn              g - +6 ring of intelligence
MPRegen  0.15/turn              (no ring)

@: very slightly contaminated, hasted, very quick
A: small, no large weapons, nightstalker 3
a: Renounce Religion, Shatter the Chains


You were on level 7 of the Dungeon.
You worshipped Ashenzari.
Ashenzari was aware of your devotion.
You visited 1 branch of the dungeon, and saw 7 of its levels.
You also visited: Ossuary.

You collected 566 gold pieces.

Inventory:

Hand Weapons
 a - a +1 dagger
 d - a +0 short sword
 m - a +2 dagger of electrocution
 s - a +1 short sword of venom
 w - a +2 dagger of venom
 x - a +1 rapier of venom (weapon)
Missiles
 c - 223 stones
 n - 12 poisoned darts
Armour
 b - a +0 robe (worn)
 e - a +0 pair of gloves
 k - the cursed +0 buckler of the Eternal Black Moon (worn) {Melee, Bglg}
   (You found it on level 2 of the Dungeon)

   It has a curse which improves the following skills: Melee Combat: Short
   Blades, Long Blades, Axes, Maces & Flails, Polearms, Staves and Unarmed
   Combat.
   Beguiling: Conjurations, Hexes and Translocations.
 l - a +0 kite shield
 v - the cursed +0 pair of gloves "Share My Servitude" (worn) {rF+ rCorr, Self, Evo}
   (You found it on level 6 of the Dungeon)

   rF:        It protects you from fire.
   rCorr:     It protects you from acid and corrosion.
   It has a curse which improves the following skills: Introspection: Fighting
   and Spellcasting.
   Evocations: Evocations.
Jewellery
 g - a +6 ring of intelligence (left hand)
Wands
 t - a wand of flame (18)
Scrolls
 f - a scroll of amnesia
 i - a scroll of fear
Potions
 h - a potion of brilliance
 j - a potion of flight
 p - 2 potions of cancellation
 q - a potion of resistance


   Skills:
 + Level 5.0(6.0) Fighting
 + Level 7.6(8.7) Short Blades
 - Level 2.4 Dodging
 - Level 5.9 Stealth
 + Level 4.3 Shields
 + Level 3.9(4.9) Spellcasting
 - Level 4.2(5.2) Hexes
 - Level 2.6 Summonings
 - Level 2.5 Ice Magic


You had 6 spell levels left.
You knew the following spells:

 Your Spells              Type           Power      Damage    Failure   Level
a - Corona                Hex            35%        N/A       1%          1
b - Ensorcelled Hibernat  Hex/Ice        50%        N/A       2%          2
c - Confusing Touch       Hex            32%        N/A       3%          3
d - Tukima's Dance        Hex            32%        N/A       3%          3
e - Call Imp              Summ           19%        N/A       4%          2

Your spell library contained the following spells:

 Spells                   Type           Power      Damage    Failure   Level
 Magic Dart               Conj           24%        1d4       9%          1
 Animate Skeleton         Necr           12%        N/A       10%         1
 Pain                     Necr           24%        1d5       10%         1
 Dazzling Flash           Conj/Hex       38%        N/A       10%         3
 Portal Projectile        Hex/Tloc       38%        N/A       10%         3
 Mephitic Cloud           Conj/Pois/Air  6%         N/A       26%         3
 Vampiric Draining        Necr           3%         2d6       28%         3
 Iskenderun's Battlesphe  Conj           6%         2d6       94%         5
 Blade Hands              Tmut           3%         N/A       95%         5
 Excruciating Wounds      Necr           3%         N/A       95%         5
 Iron Shot                Conj/Erth      3%         9d2       100%        6
 Spellforged Servitor     Conj/Summ      6%         N/A       100%        7


Dungeon Overview and Level Annotations

Branches:
Dungeon (7/15)             Temple (0/1) D:5         Ossuary (visited)

Altars:
Ashenzari
Dithmenos
Hepliaklqana
Trog

Shops:
D:2 (

Annotations:
D:7 Menkaure


Innate Abilities, Weirdness & Mutations

You are small and have problems with some larger weapons.
You are completely attuned to the shadows.


Message History

The killer bee convulses!
Your body is wracked with pain!
* * * LOW HITPOINT WARNING * * *
You feel better. You block the killer bee's attack.
You barely miss the killer bee.
The killer bee is severely wounded.
The killer bee stings you.
* * * LOW HITPOINT WARNING * * *
Unknown command.
You feel much better. You block the killer bee's attack.
You hit the killer bee but do no damage.
The killer bee is severely wounded.
The killer bee stings you.
You hit the killer bee but do no damage.
The killer bee appears confused.
The killer bee is severely wounded.
The killer bee barely misses you.
You hit the killer bee but do no damage.
The killer bee is poisoned.
The killer bee is severely wounded.
The killer bee completely misses you.
You strike the helpless killer bee from behind!
You puncture the killer bee!
You kill the killer bee!
Casting: Confusing Touch (dangerous; 3% risk of failure)
Confirm with . or Enter, or press ? or * to list all spells.
You miscast Confusing Touch.
You are very lightly contaminated with residual magic.
Nothing appears to happen.
Casting: Confusing Touch (dangerous; 3% risk of failure)
Confirm with . or Enter, or press ? or * to list all spells.
Your hands begin to glow red.
Menkaure hits you!!
* * * LOW HITPOINT WARNING * * *
Unknown command.
Unknown command.
You hit Menkaure but do no damage.
Menkaure appears confused.
You strike the helpless Menkaure from behind!
You impale Menkaure!!
Menkaure is severely damaged.
Menkaure hits you!!
You die...

. # ### ..## #
...###############.##
................@M..#
#.################...
#..... (# ###### #


You could see Menkaure (fast, confused).

Vanquished Creatures
  An acid dragon (D:5)
  An orc warrior (D:6)
  2 black bears
  A necrophage (D:6)
  A kobold brigand (D:5)
  3 elf zombies (Ossuary)
  A gnoll sergeant (D:6)
  3 scorpions (D:6)
  A water moccasin zombie (D:5)
  A water moccasin skeleton (D:4)
  3 killer bees (D:7)
  A bullfrog zombie (D:5)
  A gnoll shaman (D:3)
  4 hounds
  A jelly (D:6)
  3 orc wizards
  An iguana (D:6)
  A hound skeleton (D:5)
  2 mummies (Ossuary)
  6 adders
  14 gnolls
  3 white imps
  An ufetubus (D:5)
  2 adder skeletons
  5 worms
  4 dart slugs
  12 orcs
  7 ball pythons
  6 bats
  6 endoplasms
  2 giant cockroaches (D:1)
  3 gnoll zombies (Ossuary)
  6 goblins
  5 hobgoblins
  13 kobolds
  4 quokkas
  5 frilled lizards
  2 goblin zombies (Ossuary)
  3 hobgoblin zombies (Ossuary)
  3 orc zombies (Ossuary)
  26 rats
170 creatures vanquished.

Vanquished Creatures (others)
  7 withered plants (D:3)
7 creatures vanquished.

Grand Total: 177 creatures vanquished

Notes
Turn   | Place    | Note
-------+----------+-------------------------------------------
     0 | D:1      | tsouns the Kobold Enchanter began the quest for the Orb.
     0 | D:1      | Reached XP level 1. HP: 10/10 MP: 3/3
   178 | D:1      | Reached XP level 2. HP: 12/15 MP: 5/5
   181 | D:1      | Learned a level 2 spell: Ensorcelled Hibernation
   255 | D:1      | Reached skill level 2 in Short Blades
   621 | D:1      | Reached XP level 3. HP: 19/19 MP: 6/6
   977 | D:1      | Reached skill level 1 in Ice Magic
   981 | D:1      | Learned a level 3 spell: Confusing Touch
  1182 | D:2      | Found Vuos's Antique Weapon Boutique.
  1365 | D:2      | Reached XP level 4. HP: 17/24 MP: 4/7
  2060 | D:3      | Reached skill level 3 in Short Blades
  2060 | D:3      | Reached skill level 5 in Stealth
  2208 | D:3      | Reached XP level 5. HP: 28/28 MP: 0/8
  2350 | D:3      | Reached skill level 1 in Shields
  2929 | D:3      | Reached XP level 6. HP: 22/32 MP: 6/9
  3610 | D:3      | Found a faded altar of an unknown god.
  3622 | D:3      | Became a worshipper of Ashenzari the Shackled
  3975 | D:4      | Learned a level 3 spell: Tukima's Dance
  4079 | D:4      | Reached skill level 4 in Short Blades
  4655 | D:4      | Reached XP level 7. HP: 36/36 MP: 10/10
  4655 | D:4      | Found a shadowy altar of Dithmenos.
  5047 | D:5      | Entered Level 5 of the Dungeon
  5144 | D:5      | Found a sand-covered staircase.
  5151 | Ossuary  | Entered an ossuary
  5188 | Ossuary  | Reached skill level 1 in Fighting
  5646 | Ossuary  | Reached skill level 5 in Short Blades
  5912 | D:5      | Reached XP level 8. HP: 45/45 MP: 11/11
  5954 | D:5      | Found a staircase to the Ecumenical Temple.
  6129 | D:5      | Reached skill level 6 in Short Blades
  6457 | D:5      | Found a hazy altar of Hepliaklqana.
  6521 | D:5      | Learned a level 2 spell: Call Imp
  6941 | D:6      | Reached skill level 1 in Summonings
  7660 | D:6      | Reached skill level 7 in Short Blades
  7660 | D:6      | Reached XP level 9. HP: 37/52 MP: 9/13
  7750 | D:6      | Noticed a moth of wrath
  7754 | D:6      | Found a bloodstained altar of Trog.
  7962 | D:6      | Identified the +0 pair of gloves of Truth {rF+ rCorr}
  9038 | D:6      | Reached * piety under Ashenzari
  9303 | D:7      | Reached skill level 5 in Fighting
  9309 | D:7      | Noticed Menkaure
  9327 | D:7      | Mangled by Menkaure

Illustrated notes

Levels and vault maps discovered:
D:1:      minmay_arrival_shattered_statue, layout_basic
D:2:      layout_basic, serial_shops, nicolae_shop_overgrown_old_shop,
          minmay_misc_feat_chi
D:3:      layout_loops_corners, ebering_ecumenical_altar_petrified,
          minmay_rat_hole
D:4:      layout_loops_ring, lemuel_coloured_pillars_altar
D:5:      layout_basic, nicolae_overflow_crystal_walls,
          minmay_temple_entry_tees, lightli_ossuary_entry_decrepit_ruins,
          hangedman_decor_diamond_cutter
D:6:      layout_gridville, tgw_trog
D:7:      gammafunk_the_bubble [the_bubble_gammafunk_split], layout_loops_ring,
          mainiacjoe_overflow_catwalk, nicolae_overflow_hidden_temple,
          serial_shops, shop, uniq_duvessa, uniq_harold, uniq_joseph,
          uniq_menkaure

Skill      XL: |  1  2  3  4  5  6  7  8  9 |
---------------+----------------------------+-----
Short Blades   | 2 3 4 5 7 |  7.6
Ice Magic      | 1 2 |  2.5
Stealth        | 5 |  5.9
Shields        | 1 2 3 4 |  4.3
Hexes          | 4 |  4.2
Fighting       | 2 4 5 |  5.0
Summonings     | 1 2 |  2.6
Spellcasting   | 3 |  3.9
Dodging        | |  2.4

Action                   |  1- 3 |  4- 6 |  7- 9 || total
-------------------------+-------+-------+-------++-------
Melee: Dagger            |    55 |   171 |   165 ||   391
       Short sword       |       |       |    29 ||    29
       Rapier            |       |       |    39 ||    39
 Cast: Ensorcelled Hiber |     4 |    37 |    45 ||    86
       Corona            |       |     1 |     4 ||     5
       Confusing Touch   |       |       |     4 ||     4
Invok: Curse Item        |       |     1 |     1 ||     2
  Use: Scroll            |       |     5 |     3 ||     8
       Potion            |       |     1 |     3 ||     4
 Stab: Sleeping          |    22 |    39 |    39 ||   100
       Confused          |       |       |     4 ||     4
Armor: Robe              |     6 |    11 |    16 ||    33
Dodge: Dodged            |    21 |    85 |    86 ||   192
Block: Buckler           |     1 |    23 |    27 ||    51

Table legend: (Time is in decaauts)
 A = Elapsed time spent in this place.
 B = Non-inter-level travel time spent in this place.
 C = Inter-level travel time spent in this place.
 D = Time resting spent in this place.
 E = Time spent auto-exploring this place.
 F = Levels seen in this place.
 G = Mean time per level.
                   A        B        C        D        E       F      G
               +--------+--------+--------+--------+--------+-----+--------+
         Total |   9238 |   8987 |    251 |    278 |   6882 |   8 | 1154.8 |
       Dungeon |   8528 |   8277 |    251 |    100 |   6508 |   7 | 1218.3 |
       Ossuary |    709 |    709 |      0 |    178 |    374 |   1 |  709.0 |
               +--------+--------+--------+--------+--------+-----+--------+

Top non-repeatable levels by time:
     D:3: 2060 daAuts
     D:6: 2015 daAuts
     D:5: 1388 daAuts
     D:4: 1177 daAuts
     D:1: 1027 daAuts
     D:2: 818 daAuts
 Ossuary: 709 daAuts
     D:7: 40 daAuts
